 Dungeon Crawl Stone Soup version 0.29.1-14-g9c671dbff4 (webtiles) character file.

Game seed: 3388200155439318567

597 EndlessMike the Chiller (level 7, -4/46 HPs)
             Began as a Vampire Ice Elementalist on Feb 19, 2023.
             Slain by an ice beast (5 damage)
             ... on level 4 of the Dungeon.
             The game lasted 00:14:40 (3944 turns).

EndlessMike the Chiller (Vampire Ice Elementalist)  Turns: 3944, Time: 00:14:40

Health: -4/46      AC:  2    Str:  9    XL:     7   Next: 17%
Magic:  10/10      EV: 13    Int: 18    God:
Gold:   213        SH:  0    Dex: 14    Spells: 2/10 levels left

rFire   . . .      SeeInvis +   q - +0 long sword
rCold   . . .      Faith    .   (no shield)
rNeg    . . .      Spirit   .   a - +0 robe
rPois   +          Reflect  .   (no helmet)
rElec   .          Harm     .   (no cloak)
rCorr   .          Rampage  .   (no gloves)
Will    .....                   (no boots)
Stlth   ++........              (no amulet)
HPRegen 0.35/turn               n - ring of poison resistance
MPRegen 0.12/turn               (no ring)

@: healing quickly
A: alive, fangs 3, see invisible, vampiric 2
a: Exsanguinate


You were on level 4 of the Dungeon.
You visited 2 branches of the dungeon, and saw 6 of its levels.
You also visited: Sewer.

You collected 213 gold pieces.

Inventory:

Hand Weapons
 f - a +0 falchion
 q - a +0 long sword (weapon)
Missiles
 e - a throwing net (quivered)
Armour
 a - a +0 robe (worn)
Jewellery
 n - a ring of poison resistance (left hand)
Scrolls
 d - a scroll of immolation
 i - a scroll of vulnerability {unknown}
 j - 2 scrolls of blinking
 k - a scroll of teleportation {unknown}
 o - a scroll of acquirement {unknown}
 p - a scroll of identify {unknown}
Potions
 b - a potion of magic
 c - a potion of mutation {unknown}
 g - a potion of flight {unknown}
 h - a potion of berserk rage {unknown}
 l - a potion of brilliance {unknown}
 m - 2 potions of curing {unknown}


   Skills:
 * Level 3.1 Long Blades
 + Level 3.3 Dodging
 - Level 3.0 Stealth
 - Level 2.0 Spellcasting
 - Level 2.0 Conjurations
 + Level 7.0 Ice Magic


You had 2 spell levels left.
You knew the following spells:

 Your Spells              Type           Power      Damage    Failure   Level
a - Hailstorm             Conj/Ice       18%        3d6       28%         4
b - Frozen Ramparts       Ice            54%        1d9       3%          3
z - Freeze                Ice            100%       1d11      1%          1

Your spell library contained the following spells:

 Spells                   Type           Power      Damage    Failure   Level
 Slow                     Hex            4%         N/A       19%         1
 Summon Small Mammal      Summ           4%         N/A       19%         1
 Ozocubu's Armour         Ice            27%        N/A       3%          3
 Call Canine Familiar     Summ           1%         N/A       47%         3
 Confusing Touch          Hex            1%         N/A       47%         3
 Summon Guardian Golem    Hex/Summ       1%         N/A       47%         3
 Vampiric Draining        Necr           1%         2d6       47%         3


Dungeon Overview and Level Annotations

Branches:
Dungeon (5/15)             Temple (1/1) D:4           Sewer (visited)

Altars:
Ashenzari
Cheibriados
Dithmenos
Fedhas
Gozag
Hepliaklqana
Makhleb
Nemelex Xobeh
Qazlal
Ru
Trog
Uskayaw
Vehumet
Xom
Yredelemnul

Annotations:
D:2 Terence


Innate Abilities, Weirdness & Mutations

Your natural rate of healing is accelerated.
You have razor-sharp teeth.
You have supernaturally acute eyesight. (SInv)
You are afflicted with vampirism and can become a bat while bloodless.


Message History

You freeze the hound.
You kill the hound!
A gnoll comes into view. It is wielding a +0 halberd.
An orc wizard comes into view. It is wielding a +0 dagger.
A gnoll comes into view. It is wielding a +0 halberd.
The ice beast attacks as you move away! The ice beast hits you.
The ice beast freezes you!
An orc comes into view. It is wielding a +0 club.
The ice beast attacks as you move away! The ice beast closely misses you.
The ice beast attacks as you move away! The ice beast hits you.
The ice beast freezes you! The ice beast attacks as you move away!
The ice beast hits you but does no damage.
The orc wizard gestures wildly while chanting.
The orc wizard flickers and vanishes for a moment.
The ice beast attacks as you move away! The ice beast misses you.
The ice beast attacks as you move away! The ice beast barely misses you.
Okay, then.
There is a stone staircase leading up here.
Magic restored.
The ice beast misses you.
You climb upwards.
There is a stone staircase leading down here.
The ice beast hits you.
Keep bloodletting?
The ice beast freezes you!
* * * LOW HITPOINT WARNING * * *
You begin bloodletting.
You continue bloodletting.
The ice beast misses you.
You continue bloodletting.
The ice beast closely misses you.
You continue bloodletting.
The ice beast hits you.
* * * LOW HITPOINT WARNING * * *
The ice beast freezes you.
* * * LOW HITPOINT WARNING * * *
You continue bloodletting.
The ice beast hits you.
* * * LOW HITPOINT WARNING * * *
The ice beast freezes you.
You die...

....# ###...##### #.# #.....
#.#.# #...# #.# ###### #.#.#
#...# ####.##### #.#.# #...#
#........# #.#.# #...####
#..#.#.#.####
#.#.######...##.#####......#.....
...............#...##.###..#.....
#.#...........###.....# #........
...............#@.....###........
.....#####...##Y###.#...(.##.....
#.##.# ##...#### #.#.....##.####
..##.# #.....# #.#....###.).#
####.# ##...## #.#....###.#.##
.....# #...# #............[.
###### #...# ###...####.)#..
####.#### #.....##....#) ######
#.......# #.#.#.##.#..#.


You could see an ice beast.

Vanquished Creatures
  2 bullfrogs (Sewer)
  A scorpion (D:4)
  3 hounds
  An orc priest (D:4)
  Jessica (D:2)
  An orc wizard (D:4)
  8 adders
  2 gnolls (D:2)
  A river rat (D:3)
  5 worms
  A dart slug (D:3)
  10 orcs
  8 endoplasms
  10 giant cockroaches
  5 goblins
  5 hobgoblins
  7 jackals
  8 kobolds
  13 quokkas
  17 ball pythons
  3 bats
  7 frilled lizards
  3 rats
122 creatures vanquished.

Notes
Turn   | Place    | Note
-------+----------+-------------------------------------------
     0 | D:1      | EndlessMike the Vampire Ice Elementalist began the quest
                  | for the Orb.
     0 | D:1      | Reached XP level 1. HP: 13/13 MP: 3/3
   164 | D:1      | Reached XP level 2. HP: 9/19 MP: 0/5
   500 | D:1      | You fall into a shaft and drop 1 floor!
   511 | D:2      | Reached skill level 5 in Ice Magic
   577 | D:2      | Gained mutation: You are afflicted with vampirism and can
                  | become a bat while bloodless. [Vampire growth]
   577 | D:2      | Reached XP level 3. HP: 24/24 MP: 4/6
   658 | D:2      | Noticed Jessica
   662 | D:2      | Killed Jessica
   725 | D:2      | Learned a level 3 spell: Frozen Ramparts
   816 | D:2      | Reached XP level 4. HP: 29/30 MP: 3/7
   902 | D:2      | Found a faded altar of an unknown god.
  1035 | D:2      | Reached skill level 6 in Ice Magic
  1098 | D:2      | Noticed Terence
  1424 | D:3      | Found a broken altar of Ashenzari.
  1466 | D:3      | Found a glowing drain.
  1522 | D:3      | Reached skill level 1 in Long Blades
  1538 | D:3      | Reached XP level 5. HP: 33/35 MP: 0/8
  1611 | Sewer    | Entered a sewer
  1871 | Sewer    | Learned a level 4 spell: Hailstorm
  2091 | Sewer    | Reached skill level 1 in Conjurations
  2148 | Sewer    | Reached XP level 6. HP: 41/41 MP: 1/9
  2690 | D:3      | Found a bloodstained altar of Trog.
  3178 | D:4      | Reached XP level 7. HP: 41/46 MP: 1/10
  3179 | D:4      | Found a staircase to the Ecumenical Temple.
  3192 | Temple   | Entered the Ecumenical Temple
  3546 | D:4      | Reached skill level 7 in Ice Magic
  3860 | D:5      | Entered Level 5 of the Dungeon
  3944 | D:4      | HP: 1/46 [ice beast (4)]
  3944 | D:4      | Slain by an ice beast

Illustrated notes

Levels and vault maps discovered:
D:1:      eino_arrival_water_star, layout_basic, serial_forest,
          infiniplex_forest_lined_2, infiniplex_forest_straight_2,
          infiniplex_forest_end_2, infiniplex_forest_straight_3,
          infiniplex_forest_side_room, infiniplex_forest_lined_room_2,
          infiniplex_forest_lined_2
D:2:      layout_loops_corners, hellmonk_ecumenical_altar_blasted, basic_altar,
          uniq_terence, uniq_jessica
D:3:      layout_rooms, mainiacjoe_overflow_24_doors, evilmike_ruin_ashenzari,
          cheibrodos_sewer_entry_sluice
D:4:      layout_loops_cross, minmay_temple_entry_mini_moons
D:5:      layout_loops_cross, uniq_grinder
Temple:   nicolae_temple_no_exploring_needed

Skill      XL: |  1  2  3  4  5  6  7 |
---------------+----------------------+-----
Ice Magic      | 5 6 7 |  7.0
Long Blades    | 1 2 3 |  3.1
Conjurations   | 1 2 |  2.0
Dodging        | 3 |  3.3
Stealth        | |  3.0
Spellcasting   | |  2.0

Action                   |  1- 3 |  4- 6 |  7- 9 || total
-------------------------+-------+-------+-------++-------
Melee: Unarmed           |    20 |     7 |       ||    27
       Bite              |     6 |     4 |     1 ||    11
       Falchion          |       |    41 |       ||    41
       Punch             |       |     2 |       ||     2
       Long sword        |       |       |     8 ||     8
Throw: Throwing net      |       |     2 |       ||     2
 Cast: Freeze            |    36 |   127 |    15 ||   178
       Frozen Ramparts   |       |     4 |       ||     4
 Abil: Exsanguinate      |       |       |     1 ||     1
 Stab: Sleeping          |     2 |       |       ||     2
Armor: Robe              |     4 |    16 |     5 ||    25
Dodge: Dodged            |    29 |    99 |    19 ||   147
